 Dungeon Crawl Stone Soup version 0.31.0-32-g396128a36d (webtiles) character file.

Game seed: 9771030463980933830

470 ChadusMaximus the Summoner (level 7, -2/46 HPs)
             Began as a Barachi Summoner on Mar 12, 2024.
             Killed by divine providence
             ... invoked by an orc priest
              (16 damage)
             ... on level 3 of the Dungeon.
             The game lasted 00:04:34 (3055 turns).

ChadusMaximus the Summoner (Barachi Summoner)       Turns: 3055, Time: 00:04:34

Health: -2/46      AC:  4    Str:  9    XL:     7   Next: 9%
Magic:  12/13      EV: 12    Int: 18    God:
Gold:   186        SH:  0    Dex: 12    Spells: 9/15 levels left

rFire   . . .        n - +4 quarterstaff (chaos)
rCold   . . .        (shield currently unavailable)
rNeg    . . .        a - +0 robe
rPois   .            t - +0 helmet
rElec   .            o - +0 cloak
rCorr   .            (no gloves)
SInv    .            (no boots)
Will    +....        l - amulet of magic regeneration
Stlth   ++           (no ring)
HPRegen 0.27/turn    (no ring)
MPRegen 0.53/turn

%: no passive effects
@: mighty, unable to hop, enlightened, flying, inugami summoned, slow
A: amphibious, slowness 1, strong legs 1, +LOS
a: Hop


You were on level 3 of the Dungeon.
You visited 1 branch of the dungeon, and saw 4 of its levels.

You collected 186 gold pieces.

Inventory:

Hand Weapons
 d - a +0 spear
 n - a +4 quarterstaff of chaos (weapon)
 r - the +6 hand axe of Popular Demand {freeze, Dex+3}
   (You took it off an orc on level 3 of the Dungeon)

   Dex+3:     It affects your dexterity (+3).
Armour
 a - a +0 robe (worn)
 o - a +0 cloak (worn)
 s - a +2 ring mail
 t - a +0 helmet (worn)
Jewellery
 j - a ring of ice
 l - an amulet of magic regeneration (around neck)
Scrolls
 c - a scroll of revelation {unknown}
 e - a scroll of enchant armour {unknown}
 f - 3 scrolls of identify {unknown}
 g - 2 scrolls of teleportation {unknown}
 h - a scroll of immolation {unknown}
 i - 4 scrolls of fog {unknown}
 m - a scroll of poison {unknown}
 p - a scroll of blinking {unknown}
Potions
 b - a potion of magic


   Skills:
 - Level 2.1 Dodging
 - Level 1.7 Stealth
 + Level 4.6 Spellcasting
 * Level 8.5 Summonings


You had 9 spell levels left.
You knew the following spells:

 Your Spells              Type           Power      Damage    Failure   Level
a - Summon Small Mammal   Summ           100%       N/A       1%          1
b - Call Canine Familiar  Summ           35%        N/A       1%          3
c - Call Imp              Summ           70%        N/A       1%          2

Your spell library contained the following spells:

 Spells                   Type           Power      Damage    Failure   Level
 Magic Dart               Conj           16%        1d3       14%         1
 Blink                    Tloc           8%         N/A       22%         2
 Mercury Vapours          Alch/Air       8%         N/A       22%         2
 Summon Blazeheart Golem  Fire/Summ      19%        N/A       24%         4
 Summon Lightning Spire   Summ/Air       19%        N/A       24%         4
 Mephitic Cloud           Conj/Alch/Air  4%         N/A       38%         3
 Freezing Cloud           Conj/Ice/Air   2%         6-21      98%         5


Dungeon Overview and Level Annotations

Branches:
Dungeon (4/15)
 Temple: D:4-7

Altars:

Shops:
D:2 !

Annotations:
D:4 Robin


Innate Abilities, Weirdness & Mutations

You are amphibious.
You cover ground slowly.
You can hop short distances.
You have an extended range of vision and can be seen from far away.


Message History

You call for your canine familiar and it appears with a howl!
The orc wizard points at you and mumbles some strange words.
You are confused.
You bump into the rock wall.
You hit your inugami.
Your inugami is poisoned.
Your inugami is lightly wounded.
Your inugami disappears in a puff of smoke!
The orc wizard points at you and mumbles some strange words.
The magic dart hits you! The orc closely misses you.
Unknown command.
The orc wizard casts a spell at you. The puff of flame hits you.
* * * LOW HITPOINT WARNING * * *
Unknown command.
It was a potion of enlightenment.
You feel very buoyant.
You fly up into the air.
The orc wizard barely misses you.
It was a potion of might.
You feel very mighty all of a sudden. The orc wizard barely misses you.
The orc hits you with a +0 club.
* * * LOW HITPOINT WARNING * * *
Unknown command.
You're too confused to cast spells.
Unknown command.
You feel less confused.
The orc wizard hits you but does no damage.
The orc priest miscasts a cantrip.
Casting: Call Canine Familiar (safe; 1% risk of failure)
Confirm with . or Enter, or press ? or * to list all spells.
You call for your canine familiar and it appears with a howl!
The orc wizard hits you but does no damage.
The orc closely misses you.
The orc wizard attacks as it pursues you!
The orc wizard hits you but does no damage.
Your inugami hits the orc wizard.
The orc wizard hits your inugami but does no damage.
The orc priest mumbles some strange prayers to Beogh against you.
Beogh smites you!
You die...

#.............###..
#.#..........###...
#.#..............#.
#...........#.....#
##.(.....##....##.#
##...#..###....##..
##...##.## ##...###.
#...#...# ##### ##
##.#@#.##############
##...h................
#..oo...##############
##.r#.#.#### #####
##o##)#....#######....
#o.##)####............
##.##....#....#########
#.>#.......####
#(.......###


You could see 2 orc priests, an orc wizard (ally target), an orc, a quokka and a
friendly inugami (summoned).

Vanquished Creatures
  Natasha (D:2)
  2 adders (D:3)
  A ribbon worm (D:2)
  A dart slug (D:3)
  An orc (D:3)
  3 ball pythons
  A bat (D:2)
  3 endoplasms
  A giant cockroach (D:1)
  2 goblins (D:1)
  8 hobgoblins
  2 jackals (D:3)
  4 kobolds
  A quokka (D:3)
  2 frilled lizards (D:3)
  2 rats (D:2)
35 creatures vanquished.

Vanquished Creatures (collateral kills)
  The ghost of mihai the Shield-Bearer, an amateur MiFi (D:3)
  An ogre (D:4)
  A bombardier beetle (D:4)
  Crazy Yiuf (D:2)
  An orc priest (D:3)
  Natasha (twice) (D:2)
  Terence (D:2)
  An adder (D:2)
  11 orcs
  A bat (D:1)
  An endoplasm (D:1)
  7 goblins (D:4)
  2 hobgoblins
  A kobold (D:1)
  2 rats
34 creatures vanquished.

Grand Total: 69 creatures vanquished

Notes
Turn   | Place    | Note
-------+----------+-------------------------------------------
     0 | D:1      | ChadusMaximus the Barachi Summoner began the quest for the
                  | Orb.
     0 | D:1      | Reached XP level 1. HP: 13/13 MP: 3/3
   171 | D:1      | Reached skill level 5 in Summonings
   229 | D:1      | Reached XP level 2. HP: 16/19 MP: 5/5
   609 | D:2      | Found Wijyss's Distillery.
   624 | D:2      | Reached XP level 3. HP: 9/24 MP: 2/7
   628 | D:2      | Learned a level 3 spell: Call Canine Familiar
   631 | D:2      | Learned a level 2 spell: Call Imp
   923 | D:2      | Noticed Natasha
   936 | D:2      | Killed Natasha
   937 | D:2      | Reached skill level 6 in Summonings
   937 | D:2      | Reached XP level 4. HP: 14/30 MP: 3/8
   962 | D:2      | Noticed Natasha
   968 | D:2      | Killed Natasha
  1036 | D:2      | Noticed Natasha
  1044 | D:2      | Noticed Terence
  1047 | D:2      | Killed Natasha
  1053 | D:2      | Killed Terence
  1054 | D:2      | Reached XP level 5. HP: 6/35 MP: 1/10
  1265 | D:2      | Found a runed translucent door.
  1266 | D:2      | Noticed Crazy Yiuf
  1535 | D:2      | Killed Crazy Yiuf
  1536 | D:2      | Reached skill level 7 in Summonings
  1654 | D:3      | Found a runed translucent gate.
  1654 | D:3      | Found a runed translucent gate.
  1654 | D:3      | Identified the +6 hand axe of Popular Demand {freeze,
                  | Dex+3}
  1655 | D:3      | Found a runed translucent gate.
  1655 | D:3      | Noticed mihai's ghost (amateur MiFi)
  2117 | D:3      | Reached XP level 6. HP: 41/41 MP: 11/11
  2376 | D:3      | Killed mihai's ghost
  2377 | D:3      | Reached skill level 8 in Summonings
  2689 | D:4      | Noticed Robin
  2711 | D:4      | Reached XP level 7. HP: 45/46 MP: 7/13
  3055 | D:3      | Killed from afar by an orc priest

Illustrated notes

Levels and vault maps discovered:
D:1:      mrwooster_arrival_arrow, layout_rooms
D:2:      layout_basic, serial_glass, glass_columns_a, glass_columns_b,
          serial_shops, shop, uniq_crazy_yiuf_cottage, uniq_terence,
          uniq_natasha
D:3:      layout_rooms, biasface_ghost_orc_armoury
D:4:      layout_cave_pools, chequers_serial_rivers_micro_a,
          supply_closet_lemuel, minmay_three_crescents, uniq_robin,
          uniq_menkaure

Skill      XL: |  1  2  3  4  5  6 |
---------------+-------------------+-----
Summonings     | 5 6 7 8 |  8.5
Spellcasting   | 3 4 |  4.6
Dodging        | |  2.1
Stealth        | |  1.7

Action                     |  1- 3 |  4- 6 |  7- 9 || total
---------------------------+-------+-------+-------++-------
  Melee: Spear             |    64 |     6 |       ||    70
         Quarterstaff      |       |    42 |     1 ||    43
   Cast: Summon Small Mamm |     9 |    13 |     1 ||    23
         Call Imp          |     2 |    10 |     1 ||    13
         Call Canine Famil |     2 |    12 |     2 ||    16
Ability: Hop               |       |     2 |     1 ||     3
    Use: Potion            |       |       |     2 ||     2
   Stab: Sleeping          |     1 |     1 |       ||     2
         Distracted        |       |     1 |       ||     1
 Armour: Robe              |    43 |    38 |    15 ||    96
  Dodge: Dodged            |    40 |    36 |    12 ||    88
